 Dungeon Crawl Stone Soup version 0.22.1-2-g9c5b331 (webtiles) character file.

10350 Lilu the Destroyer (level 11, -3/67 HPs)
             Began as a Deep Elf Conjurer on Nov 26, 2018.
             Was an Elder of Ashenzari.
             Hit by a poisoned javelin thrown by a minotaur (28 damage)
             ... in a labyrinth.
             The game lasted 01:05:09 (17423 turns).

Lilu the Destroyer (Deep Elf Conjurer)             Turns: 17423, Time: 01:05:10

Health: -3/67      AC:  5    Str:  5    XL:     11   Next: 35%
Magic:  0/35       EV: 23    Int: 24    God:    Ashenzari [****..]
Gold:   696        SH:  0    Dex: 19    Spells: 14/29 levels left

rFire    + . .     SeeInvis +   g - -3 spear (curse)
rCold    + . .     Gourm    .   (no shield)
rNeg     . . .     Faith    .   y - +1 robe {rC+ rF+} (curse)
rPois    .         Spirit   +   r - +0 helmet (curse)
rElec    .         Reflect  .   S - scarf {Spirit}
rCorr    .         Harm     .   q - +0 pair of gloves (curse)
MR       +....     Clarity  +   (no boots)
Stlth    +++.......             Q - amulet of magic regeneration
HPRegen  0.21/turn              L - ring of magical power
MPRegen  0.49/turn              M - +4 ring of dexterity (curse)

@: lethally poisoned (-3 -> -13), very slightly contaminated
A: no striking features
a: Curse Item, Scrying, Renounce Religion


You were in a labyrinth.
You worshipped Ashenzari.
Ashenzari was greatly pleased with you.
You were not hungry.

You visited 2 branches of the dungeon, and saw 11 of its levels.
You also visited: Labyrinth and Sewer.

You collected 696 gold pieces.

Inventory:

Hand Weapons
 g - a cursed -3 spear (weapon)
 B - a +3 quarterstaff of chaos
Missiles
 b - 31 poisoned needles
Armour
 q - a cursed +0 pair of gloves (worn)
 r - a cursed +0 helmet (worn)
 y - a cursed +1 robe of resistance (worn)
 C - a +0 cloak
 S - a scarf of spirit shield (worn)
Jewellery
 G - a +2 ring of intelligence
 L - a ring of magical power (left hand)
 M - a cursed +4 ring of dexterity (right hand)
 O - an uncursed amulet of regeneration
 Q - an amulet of magic regeneration (around neck)
 U - an uncursed ring of magical power
Wands
 a - a wand of iceblast (9)
 k - a wand of flame (47)
 E - a wand of scattershot (2)
 F - a wand of paralysis (26)
 H - a wand of digging (11)
 I - a wand of clouds (3)
 N - a wand of disintegration (6)
Scrolls
 d - 4 scrolls of enchant weapon
 e - a scroll of blinking {unknown}
 h - 4 scrolls of fear
 m - 4 scrolls of enchant armour
 s - 3 scrolls of amnesia
 v - 2 scrolls of fog {unknown}
 w - a scroll of random uselessness {unknown}
 x - 5 scrolls of teleportation
 z - a scroll of immolation {unknown}
 J - 2 scrolls of remove curse
 K - a scroll of magic mapping {unknown}
 R - a scroll of noise {unknown}
 T - a scroll of torment {unknown}
Potions
 f - 3 potions of heal wounds
 i - a potion of curing
 j - a potion of invisibility
 l - 4 potions of might
 n - a potion of haste {unknown}
 o - 2 potions of berserk rage
 p - 5 potions of agility
 t - 2 potions of flight
 A - a potion of cancellation {unknown}
 D - a potion of lignification {unknown}
Comestibles
 c - 22 rations


   Skills:
 + Level 7.5 Fighting
 - Level 10.2(12.3) Dodging
 - Level 2.4(4.2) Stealth
 + Level 9.9 Spellcasting
 + Level 12.5 Conjurations


You had 14 spell levels left.
You knew the following spells:

 Your Spells              Type           Power        Failure   Level  Hunger
a - Magic Dart            Conj           ####         1%          1    None
b - Searing Ray           Conj           ######       1%          2    None
c - Iskenderun's Mystic   Conj           ######..     1%          4    #......
d - Fulminant Prism       Conj/Hex       #####.....   4%          4    #......
e - Force Lance           Conj/Tloc      #####...     4%          4    #......

Your spell library contained the following spells:

 Spells                   Type           Power        Failure   Level  Hunger
 Dazzling Spray           Conj/Hex       #####.       1%          3    None


Dungeon Overview and Level Annotations

Branches:
Dungeon (10/15)            Temple (0/1) D:4            Lair (1/6) D:10
    Orc: D:9-12

Altars:
Ashenzari
Cheibriados
Dithmenos
Fedhas
Gozag
Kikubaaqudgha
Ru
Sif Muna
Trog
Vehumet
Wu Jian
Yredelemnul
Zin

Shops:
D:4 *===?   D:6 =[?!


Message History

You feel better.
The minotaur throws a poisoned javelin.
The poisoned javelin hits you.
You are poisoned.
Evoke which item? (* to show all) (? for menu, Esc to quit)
Aiming: Scattershot
Press: ? - help, Shift-Dir - straight line, f - minotaur
Aim: a minotaur, wearing a chain mail, quivering 15 poisoned javelins and The burst of metal fragments hits the minotaur.
The minotaur is severely wounded.
You feel sick.
The minotaur throws a poisoned javelin.
The poisoned javelin hits you!!!
* * * LOW HITPOINT WARNING * * *
You feel much better.
You feel sick.
The minotaur throws a poisoned javelin.
The poisoned javelin hits you!
You are more poisoned.
You feel sick.
The minotaur throws a poisoned javelin.
The poisoned javelin barely misses you.
You feel sick.
The minotaur throws a poisoned javelin.
The poisoned javelin hits you!!
You die...

, * ,,, *, * , #.,. .
.* * * * , , # # . ##
, ,, ,, , ,*, * #..
#... . ,*** *,*
*#*#.#.#* .# *,*, ,
,,* H#.# ,,# .,#...
,# ,* *#* * *.,#.*
### ## .#.* ,, #,#. *
... #.,.# ,# # , *
.#.. ∆*,.#####.#.#,#
*# * ,,
#....###..#.@...#.#,,
, * * #... ,.
#.#.###*#, *,** ,*
*.....# #(#.#,, , ,*,
#(###.### , ,* * , ,
#...H(#,,, * , , * *,
.#####,*,* *, ,* ,*,#
* *,, ,,,,,*,* * , ,*
# # * * ** * ,*,* , ,
, * , , , , * ,,, ,


You could see a minotaur.

Vanquished Creatures
  A two-headed ogre (D:9)
  Joseph (D:9)
  2 centaur zombies
  A guardian serpent (D:10)
  Psyche (D:8)
  2 gargoyles (Lab)
  A spiny frog (Lair:1)
  A komodo dragon (D:10)
  2 trolls (D:10)
  Grinder (D:6)
  A hippogriff (D:10)
  Sigmund (D:5)
  A redback (Lab)
  A vampire (D:10)
  A wraith (D:8)
  A wyvern (D:9)
  A basilisk (Lair:1)
  Edmund (D:6)
  A water moccasin (Lair:1)
  2 porcupines (Lair:1)
  4 orc warriors
  2 ice beasts
  4 sky beasts
  4 necrophages (D:8)
  2 phantoms
  4 wolves (Lair:1)
  2 ogres (D:9)
  5 centaurs
  A crocodile (D:9)
  An elf zombie (D:8)
  A big kobold (Sewer)
  3 bullfrogs
  2 wyvern zombies (D:10)
  A water moccasin zombie (D:9)
  5 scorpions
  4 killer bees (D:8)
  6 wights
  A howler monkey (D:5)
  5 crimson imps
  3 bullfrog zombies
  4 jellies
  A human zombie (D:8)
  A quasit (D:7)
  5 orc priests
  Crazy Yiuf (D:5)
  4 hounds
  A bullfrog skeleton (D:9)
  8 orc wizards
  2 human skeletons (D:8)
  9 worker ants
  A statue (D:8)
  2 hound skeletons
  2 worker ant zombies
  2 mummies (D:8)
  4 gnolls
  15 adders
  An ooze (D:2)
  2 adder skeletons
  An adder zombie (D:6)
  2 worms
  4 leopard geckos
  26 orcs
  A ball python (D:1)
  8 bats
  12 giant cockroaches
  8 goblins
  11 hobgoblins
  10 jackals
  10 kobolds
  4 quokkas
  9 frilled lizards
  A jackal skeleton (D:4)
  2 leopard gecko skeletons (D:4)
  2 quokka skeletons
  2 quokka zombies
  13 rats
  5 plants (D:10)
280 creatures vanquished.

Vanquished Creatures (others)
  A human (D:5)
  Blork the orc (D:3)
  51 fulminant prisms
53 creatures vanquished.

Grand Total: 333 creatures vanquished

Notes
Turn   | Place    | Note
-------+----------+-------------------------------------------
     0 | D:1      | Lilu the Deep Elf Conjurer began the quest for the Orb.
     0 | D:1      | Reached XP level 1. HP: 10/10 MP: 6/6
   189 | D:1      | Reached XP level 2. HP: 15/15 MP: 2/8
   218 | D:1      | Learned a level 2 spell: Searing Ray
   804 | D:1      | You fall through a shaft!
   823 | D:2      | Reached XP level 3. HP: 19/19 MP: 6/10
   824 | D:2      | Reached skill level 5 in Conjurations
  1395 | D:2      | Reached skill level 5 in Spellcasting
  1395 | D:2      | Reached XP level 4. HP: 24/24 MP: 4/13
  2228 | D:2      | Reached XP level 5. HP: 20/28 MP: 0/15
  2756 | D:2      | Reached skill level 6 in Conjurations
  3161 | D:3      | Noticed Blork the orc
  3173 | D:3      | Killed Blork the orc
  3221 | D:3      | Found a deep blue altar of Sif Muna.
  3316 | D:3      | Became a worshipper of Sif Muna the Loreminder
  3494 | D:3      | Found a blossoming altar of Fedhas.
  3598 | D:3      | Found a shattered altar of Ashenzari.
  3614 | D:3      | Fell from the grace of Sif Muna
  3614 | D:3      | Became a worshipper of Ashenzari the Shackled
  3979 | D:3      | Found an ornate altar of the Wu Jian Council.
  4203 | D:4      | Found Roguv's Jewellery Boutique.
  4217 | D:4      | Found a glowing drain.
  4239 | D:4      | Reached XP level 6. HP: 24/33 MP: 4/17
  4381 | Sewer    | Entered a sewer
  4724 | Sewer    | Reached skill level 1 in Fighting
  4848 | Sewer    | Found a white marble altar of Elyvilon.
  4959 | D:4      | Reached skill level 7 in Conjurations
  5191 | D:4      | Found Kuonne Nuem's Jewellery Shoppe.
  5199 | D:4      | Found a staircase to the Ecumenical Temple.
  5221 | D:4      | Found Fioseena's Jewellery Emporium.
  5421 | D:4      | Found Jubaong's Assorted Antiques.
  5458 | D:4      | Found a snail-covered altar of Cheibriados.
  5458 | D:4      | Found a shadowy altar of Dithmenos.
  5572 | D:4      | Found a bloodstained altar of Trog.
  5609 | D:4      | Reached XP level 7. HP: 38/38 MP: 12/18
  5761 | D:4      | Found Ivibo's Magic Scroll Emporium.
  5781 | D:4      | Learned a level 4 spell: Iskenderun's Mystic Blast
  6013 | D:5      | Entered Level 5 of the Dungeon
  6022 | D:5      | Noticed Sigmund
  6327 | D:5      | Reached skill level 8 in Conjurations
  7013 | D:5      | Reached XP level 8. HP: 43/43 MP: 16/22
  7195 | D:5      | Killed Sigmund
  7241 | D:5      | Found an ancient bone altar of Kikubaaqudgha.
  7309 | D:5      | Reached * piety under Ashenzari
  7338 | D:5      | Found a glowing silver altar of Zin.
  7387 | D:5      | Reached skill level 9 in Conjurations
  7560 | D:5      | Found a runed door.
  7779 | D:5      | Was forgiven by Sif Muna
  7872 | D:5      | Noticed Crazy Yiuf
  7876 | D:5      | Killed Crazy Yiuf
  7907 | D:6      | Found Meytaacvu's Distillery.
  8236 | D:6      | Found Pumuv's Magic Scroll Boutique.
  8494 | D:6      | Reached skill level 5 in Dodging
  8529 | D:6      | Noticed Grinder
  8543 | D:6      | Killed Grinder
  8642 | D:6      | Reached XP level 9. HP: 51/51 MP: 21/23
  8936 | D:6      | Noticed Edmund
  8945 | D:6      | Killed Edmund
  9069 | D:6      | Reached skill level 10 in Conjurations
  9526 | D:6      | Found Usifrahu's Armour Emporium.
  9867 | D:6      | Found Oveolata's Jewellery Shop.
 10318 | D:7      | Reached ** piety under Ashenzari
 10887 | D:7      | Found a blossoming altar of Fedhas.
 11081 | D:7      | Found a deep blue altar of Sif Muna.
 11504 | D:7      | Found a blossoming altar of Fedhas.
 11601 | D:7      | Found a deep blue altar of Sif Muna.
 12014 | D:8      | HP: 2/52 [poisoned by a killer bee]
 12472 | D:8      | Learned a level 4 spell: Fulminant Prism
 12477 | D:8      | Learned a level 4 spell: Force Lance
 12555 | D:8      | Noticed Psyche
 12561 | D:8      | Killed Psyche
 12561 | D:8      | Reached skill level 5 in Fighting
 12752 | D:8      | Found a radiant altar of Vehumet.
 12865 | D:8      | Found a basalt altar of Yredelemnul.
 12936 | D:8      | Reached skill level 11 in Conjurations
 12936 | D:8      | Reached XP level 10. HP: 58/59 MP: 16/24
 13279 | D:8      | Found a sacrificial altar of Ru.
 13742 | D:9      | Noticed Joseph
 13779 | D:9      | Paralysed by Joseph for 5 turns
 13779 | D:9      | Killed Joseph
 14048 | D:9      | Found an opulent altar of Gozag.
 14263 | D:9      | Reached *** piety under Ashenzari
 14447 | D:9      | Noticed a two-headed ogre
 14480 | D:9      | Killed a two-headed ogre
 15003 | D:10     | Entered Level 10 of the Dungeon
 15215 | D:10     | Noticed a guardian serpent
 15217 | D:10     | Reached skill level 12 in Conjurations
 15218 | D:10     | Killed a guardian serpent
 15218 | D:10     | Reached skill level 10 in Dodging
 15610 | D:10     | Reached XP level 11. HP: 49/66 MP: 19/25
 16037 | D:10     | Found a staircase to the Lair.
 16567 | Lair:1   | Entered Level 1 of the Lair of Beasts
 16702 | Lair:1   | Found a labyrinth entrance.
 16709 | Lab      | Entered a labyrinth
 17099 | Lab      | Reached **** piety under Ashenzari
 17405 | Lab      | Noticed a minotaur
 17423 | Lab      | Hit by a poisoned javelin thrown by a minotaur

Skill      XL: |  1  2  3  4  5  6  7  8  9 10 11 |
---------------+----------------------------------+-----
Spellcasting   | 4 5 6 8 9 |  9.9
Conjurations   | 5 6 7 8 9 11 12 | 12.5
Fighting       | 1 3 5 6 7 |  7.5
Dodging        | 3 5 8 10 | 10.2
Stealth        | |  2.4

Action                   |  1- 3 |  4- 6 |  7- 9 | 10-12 || total
-------------------------+-------+-------+-------+-------++-------
Melee: Spear             |     1 |     3 |       |     4 ||     8
 Cast: Magic Dart        |    31 |   106 |    84 |    36 ||   257
       Searing Ray       |     7 |    21 |    78 |    42 ||   148
       Fulminant Prism   |       |       |     2 |    49 ||    51
       Iskenderun's Myst |       |       |     2 |     7 ||     9
       Force Lance       |       |       |       |     2 ||     2
Invok: Curse Item        |       |       |     2 |       ||     2
Evoke: Wand              |       |       |     1 |     2 ||     3
  Use: Scroll            |       |       |     9 |     5 ||    14
       Potion            |       |       |       |     4 ||     4
  Eat: Chunk             |     1 |    12 |    20 |    14 ||    47
       Ration            |       |       |     1 |     1 ||     2
Armor: Robe              |     8 |       |    14 |    27 ||    49
       Leather armour    |       |     1 |     6 |       ||     7
Dodge: Dodged            |    23 |    33 |    74 |   115 ||   245
